 Dungeon Crawl Stone Soup version 0.28.0 (webtiles) character file.

Game seed: 8430929220016224688

2835 adamater the Basher (level 9, -7/79 HPs)
             Began as a Minotaur Berserker on Feb 11, 2022.
             Was a Priest of Trog.
             Mangled by a shadow (21 damage)
             ... on level 7 of the Dungeon.
             The game lasted 00:16:00 (7526 turns).

adamater the Basher (Minotaur Berserker)            Turns: 7526, Time: 00:16:02

Health: -7/79      AC: 22    Str: 26    XL:     9   Next: 45%
Magic:  0/8        EV: 10    Int:  4    God:    Trog [***...]
Gold:   402        SH:  0    Dex: 10    Spells: 8/8 levels left

rFire   . . .      SeeInvis .   m - +2 mace (protect)
rCold   . . .      Faith    .   (no shield)
rNeg    . . .      Spirit   +   k - +0 chain mail
rPois   .          Reflect  .   (helmet restricted)
rElec   .          Harm     .   (no cloak)
rCorr   .          Rampage  .   (no gloves)
Will    ++...                   (no boots)
Stlth   ..........              o - amulet of guardian spirit
HPRegen 1.23/turn               r - +4 ring of protection
MPRegen 0.11/turn               (no ring)

@: strong-willed, under a protective aura, on berserk cooldown, regenerating,
slowed, very slow
A: horns 2, retaliatory headbutt
a: Renounce Religion, Berserk, Trog's Hand


You were on level 7 of the Dungeon.
You worshipped Trog.
Trog was most pleased with you.
You visited 1 branch of the dungeon, and saw 7 of its levels.

You collected 402 gold pieces.

Inventory:

Hand Weapons
 a - a +0 mace
 m - a +2 mace of protection (weapon)
Armour
 k - a +0 chain mail (worn)
 n - a +3 leather armour of cold resistance
Jewellery
 j - an amulet of magic regeneration
 o - an amulet of guardian spirit (around neck)
 r - a +4 ring of protection (left hand)
Wands
 p - a wand of mindburst (8)
 q - a wand of flame (7)
Scrolls
 b - 2 scrolls of identify
 i - a scroll of noise
 l - a scroll of enchant armour
Potions
 d - a potion of brilliance
 f - a potion of magic
 g - a potion of mutation {unknown}
 h - 2 potions of degeneration


   Skills:
 + Level 7.6 Fighting
 + Level 10.8 Maces & Flails
 + Level 8.9 Armour
 + Level 4.3 Dodging
 + Level 1.0 Stealth
 + Level 1.2 Evocations


You had 8 spell levels left.
You didn't know any spells.
Your spell library was empty.

Dungeon Overview and Level Annotations

Branches:
Dungeon (7/15)             Temple (0/1) D:5

Altars:

Annotations:
D:2 1 runed translucent door, Crazy Yiuf


Innate Abilities, Weirdness & Mutations

You have a pair of horns on your head.
You reflexively headbutt those who attack you in melee.


Message History

The centaur shoots an arrow.
The arrow hits you.
You feel a strong urge to attack something.
The centaur shoots an arrow.
The arrow hits you but does no damage.
You are no longer berserk.
You are exhausted.
You feel yourself slow down.
The centaur shoots an arrow.
The arrow hits you but does no damage.
Found three items.
Found a stone staircase leading down.
The centaur shoots an arrow.
The arrow barely misses you.
The arrow completely misses the skeletal warrior.
The centaur shoots an arrow.
The arrow hits you but does no damage.
The shadow strikes at you from the darkness!
* * * LOW HITPOINT WARNING * * *
Reactivating autopickup.
The manticore bites you but does no damage.
The manticore claws you but does no damage.
The manticore closely misses you.
You feel much better. The shadow hits you.
The manticore bites you but does no damage.
The manticore closely misses you. The manticore misses you.
The centaur unwields a +0 shortbow.
The centaur barely misses you. The centaur closely misses you.
The shadow slips into darkness.
The shadow flickers and vanishes!
Deactivating autopickup; reactivate with Ctrl-A.
The skeletal warrior hits you from afar with a +0 trident.
You hit the centaur.
Your weapon exudes an aura of protection.
The centaur is lightly wounded.
An ogre comes into view. It is wielding a +0 giant club.
The manticore bites you!
* * * LOW HITPOINT WARNING * * *
The manticore claws you but does no damage.
The manticore barely misses you.
The centaur hits you but does no damage.
The centaur closely misses you.
The skeletal warrior hits you from afar with a +0 trident!
* * * LOW HITPOINT WARNING * * *
The shadow strikes at you from the darkness!
You die...

#...#
##..###..# .##
....# ##..#..#
K.O## #...#
##.#(##{hc).##
##..#
##'#†.lc#)..
##.. ##c## }:.
##. #.h## .. #
##Tz##c#
##.{#H# ##.@#
###c# Z..
#.... ......
...... ....>
...##


You could see a skeletal warrior, a manticore, a troll, an ogre (wandering), 3
centaurs, a howler monkey and a centaur skeleton.

Vanquished Creatures
  A two-headed ogre (D:7)
  Prince Ribbit (D:6)
  Sigmund (D:3)
  A steam dragon (D:7)
  A vampire mosquito (D:7)
  An acid dragon (D:7)
  A water moccasin (D:7)
  Duvessa (D:4)
  A sky beast (D:7)
  2 ogres
  A centaur (D:5)
  A phantom (D:5)
  A bullfrog (D:6)
  A scorpion (D:6)
  A wyvern skeleton (D:7)
  Dowan (D:4)
  A howler monkey (D:4)
  2 centaur zombies
  3 hounds
  2 jellies
  2 bullfrog skeletons
  2 gnoll shamans (D:7)
  2 orc priests (D:3)
  Ijyb (D:3)
  Terence (D:3)
  An iguana (D:7)
  Robin (D:3)
  6 adders
  An ufetubus (D:6)
  2 worms
  4 dart slugs
  6 orcs
  5 ball pythons
  9 bats
  7 endoplasms
  19 goblins
  11 hobgoblins
  2 jackals (D:1)
  A quokka (D:5)
  6 frilled lizards
  9 kobolds
  10 rats
133 creatures vanquished.

Vanquished Creatures (others)
  2 fungi (D:2)
2 creatures vanquished.

Grand Total: 135 creatures vanquished

Notes
Turn   | Place    | Note
-------+----------+-------------------------------------------
     0 | D:1      | adamater the Minotaur Berserker began the quest for the
                  | Orb.
     0 | D:1      | Reached XP level 1. HP: 19/19 MP: 0/0
   185 | D:1      | Reached XP level 2. HP: 24/27 MP: 1/1
   228 | D:1      | Reached skill level 4 in Maces & Flails
   628 | D:1      | Reached ** piety under Trog
   633 | D:1      | Reached XP level 3. HP: 27/33 MP: 2/2
   685 | D:1      | Found a faded altar of an unknown god.
  1585 | D:2      | Reached XP level 4. HP: 35/41 MP: 3/3
  1917 | D:2      | Found a runed translucent door.
  1918 | D:2      | Noticed Crazy Yiuf
  1972 | D:3      | Noticed Terence
  1982 | D:3      | Killed Terence
  1983 | D:3      | Reached skill level 5 in Maces & Flails
  2069 | D:3      | Reached XP level 5. HP: 7/47 MP: 4/4
  2099 | D:3      | Noticed Ijyb
  2135 | D:3      | Killed Ijyb
  2622 | D:3      | Noticed Robin
  2644 | D:3      | Killed Robin
  2817 | D:3      | Noticed Sigmund
  2867 | D:3      | Killed Sigmund
  2868 | D:3      | Reached skill level 5 in Fighting
  2868 | D:3      | Reached skill level 6 in Maces & Flails
  2868 | D:3      | Reached XP level 6. HP: 17/56 MP: 5/5
  3658 | D:3      | Reached *** piety under Trog
  4520 | D:4      | Reached skill level 5 in Armour
  4619 | D:4      | Reached XP level 7. HP: 58/61 MP: 6/6
  4782 | D:4      | Noticed Duvessa
  4783 | D:4      | Noticed Dowan
  4789 | D:4      | Killed Duvessa
  4795 | D:4      | Killed Dowan
  4796 | D:4      | Reached skill level 7 in Maces & Flails
  5884 | D:5      | Entered Level 5 of the Dungeon
  5920 | D:5      | Found a staircase to the Ecumenical Temple.
  5945 | D:5      | Reached skill level 1 in Stealth
  6220 | D:5      | Reached skill level 8 in Maces & Flails
  6255 | D:5      | Reached XP level 8. HP: 61/70 MP: 7/7
  6806 | D:6      | Noticed Prince Ribbit
  6827 | D:6      | Killed Prince Ribbit
  6828 | D:6      | Reached skill level 9 in Maces & Flails
  7426 | D:7      | Reached XP level 9. HP: 70/78 MP: 6/8
  7489 | D:7      | Reached skill level 10 in Maces & Flails
  7510 | D:7      | Noticed a kobold demonologist
  7510 | D:7      | Noticed a skeletal warrior
  7510 | D:7      | Noticed a troll
  7510 | D:7      | Noticed a two-headed ogre
  7510 | D:7      | Noticed a manticore
  7510 | D:7      | Noticed a komodo dragon
  7520 | D:7      | Killed a two-headed ogre
  7521 | D:7      | Reached skill level 1 in Evocations
  7526 | D:7      | Mangled by a shadow

Illustrated notes

Levels and vault maps discovered:
D:1:      evilmike_arrival_rings, layout_loops_ring,
          ebering_ecumenical_altar_abandoned, nicolae_figureground_sparkle
D:2:      minmay_spotlight, layout_basic, uniq_crazy_yiuf_cottage
D:3:      layout_basic, uniq_ijyb, uniq_sigmund, uniq_robin, uniq_terence
D:4:      layout_basic, uniq_duvessa
D:5:      layout_loops_ring, minmay_temple_entry_drinking_statues
D:6:      layout_rooms, uniq_prince_ribbit1
D:7:      minmay_the_grid_octo_2x2 [minmay_the_grid_octo_pinwheel,
          minmay_the_grid_octo_chip, minmay_the_grid_octo_77,
          minmay_the_grid_octo_prize_star], layout_basic,
          minmay_misc_feat_diagonals, hellmonk_bongcloud_opening

Skill      XL: |  1  2  3  4  5  6  7  8  9 |
---------------+----------------------------+-----
Fighting       | 4 5 6 7 |  7.6
Maces & Flails | 4 5 6 8 9 10 | 10.8
Armour         | 3 4 5 6 8 |  8.9
Dodging        | 3 4 |  4.3
Stealth        | 1 |  1.0
Evocations     | 1 |  1.2

Action                   |  1- 3 |  4- 6 |  7- 9 || total
-------------------------+-------+-------+-------++-------
Melee: Mace              |    94 |   144 |   130 ||   368
       Headbutt          |     9 |    18 |    27 ||    54
       Punch             |       |       |     2 ||     2
Invok: Berserk           |       |     3 |     2 ||     5
       Trog's Hand       |       |     1 |     1 ||     2
Evoke: Wand              |       |       |     5 ||     5
  Use: Potion            |       |     6 |     2 ||     8
       Scroll            |       |     5 |     1 ||     6
 Stab: Sleeping          |     1 |       |       ||     1
Armor: Animal skin       |    22 |       |       ||    22
       Chain mail        |     9 |    86 |   103 ||   198
Dodge: Dodged            |    60 |    50 |    61 ||   171
